 Dungeon Crawl Stone Soup version 0.28.0-1-gb440e238dd (webtiles) character file.

Game seed: 10118492277310365377

998 Woods the Ducker (level 8, -8/33 (36) HPs)
             Began as a Felid Summoner on Feb 25, 2022.
             Was a Follower of Yredelemnul.
             Killed from afar by Maggie (21 damage)
             ... with a bolt of fire
             ... on level 7 of the Dungeon.
             The game lasted 00:20:59 (10627 turns).

Woods the Ducker (Felid Summoner)                  Turns: 10627, Time: 00:21:01

HP:   -8/33 (36)    AC:  6    Str:  4    XL:     8   Next: 0%
MP:   9/16          EV: 21    Int: 18    God:    Yredelemnul [*.....]
Gold: 237           SH:  5    Dex: 17    Spells: 8/17 levels left
                                        Lives: 0   Deaths: 2

rFire   . . .      SeeInvis +     - Unarmed
rCold   . . .      Faith    .   (shield unavailable)
rNeg    . . .      Spirit   .   (armour unavailable)
rPois   .          Reflect  +   (helmet unavailable)
rElec   .          Harm     .   (cloak unavailable)
rCorr   .          Rampage  .   (gloves unavailable)
Will    +....                   (boots unavailable)
Stlth   ++........              o - amulet of reflection
HPRegen 0.11/turn               w - +4 ring of protection
MPRegen 0.15/turn               (no ring)

@: about to teleport, mesmerised, drained, quick
A: very small, claws 1, fangs 3, see invisible, speed 1, shaggy fur 2, stealthy
paws, no weapons or thrown items, no armour, multi-lived
a: Renounce Religion, Recall Undead Harvest


You were on level 7 of the Dungeon.
You worshipped Yredelemnul.
Yredelemnul was noncommittal.
You visited 2 branches of the dungeon, and saw 8 of its levels.

You collected 297 gold pieces.
You spent 60 gold pieces at shops.

Inventory:

Jewellery
 a - a ring of flight
 g - an amulet of the acrobat
 o - an amulet of reflection (around neck)
 w - a +4 ring of protection (left paw)
Wands
 s - a wand of acid (9)
 y - a wand of polymorph (9)
 A - a wand of digging (7)
 D - a wand of iceblast (11)
Scrolls
 b - 5 scrolls of identify {unknown}
 e - 2 scrolls of amnesia {unknown}
 h - 2 scrolls of teleportation
 j - 3 scrolls of enchant weapon {unknown}
 k - 2 scrolls of immolation
 l - a scroll of acquirement {unknown}
 p - a scroll of torment {unknown}
 r - a scroll of fog {unknown}
 t - 2 scrolls of blinking {unknown}
 u - a scroll of magic mapping {unknown}
 v - a scroll of brand weapon {unknown}
Potions
 c - a potion of lignification {unknown}
 d - a potion of ambrosia {unknown}
 i - a potion of brilliance {unknown}
 m - a potion of berserk rage {unknown}
 n - 2 potions of degeneration {unknown}
 q - a potion of flight {unknown}
 x - a potion of haste {unknown}
 z - a potion of magic {unknown}
 B - a potion of resistance {unknown}
 C - 3 potions of heal wounds {unknown}


   Skills:
 + Level 4.1 Fighting
 + Level 7.6 Dodging
 - Level 2.7 Stealth
 + Level 4.2 Unarmed Combat
 - Level 5.0 Spellcasting
 - Level 6.0 Summonings


You had 8 spell levels left.
You knew the following spells:

 Your Spells              Type           Power      Damage    Failure   Level
a - Summon Small Mammal   Summ           100%       N/A       1%          1
b - Call Imp              Summ           26%        N/A       1%          2
c - Call Canine Familiar  Summ           26%        N/A       3%          3
d - Summon Guardian Gole  Hex/Summ       15%        N/A       12%         3

Your spell library contained the following spells:

 Spells                   Type           Power      Damage    Failure   Level
 Pain                     Necr           16%        1d4       13%         1
 Gell's Gravitas          Tloc           4%         N/A       36%         3
 Lesser Beckoning         Tloc           4%         N/A       36%         3
 Teleport Other           Tloc           4%         N/A       36%         3
 Summon Lightning Spire   Summ/Air       15%        N/A       36%         4
 Agony                    Necr           4%         N/A       98%         5
 Borgnjor's Revivificati  Necr           2%         N/A       100%        8
 Necromutation            Tmut/Necr      2%         N/A       100%        8
 Death's Door             Necr           2%         N/A       100%        9
 Excruciating Wounds      Necr           Unusable   N/A       N/A         5

Dungeon Overview and Level Annotations

Branches:
Dungeon (7/15)             Temple (1/1) D:6

Altars:
Ashenzari
Cheibriados
Elyvilon
Fedhas
Gozag
Hepliaklqana
Kikubaaqudgha
Makhleb
Nemelex Xobeh
Okawaru
Qazlal
Ru
Sif Muna
Uskayaw
Vehumet
Wu Jian
Xom
Yredelemnul
Zin
The Shining One

Shops:
D:2 ?   D:3 !

Annotations:
D:4 Grinder
D:7 Maggie


Innate Abilities, Weirdness & Mutations

You have sharp claws.
You have razor-sharp teeth.
You have supernaturally acute eyesight. (SInv)
You cover ground quickly. (Speed+)
You are covered in thick fur. (AC +2)
Your paws help you pounce on unaware monsters.
You are incapable of wielding weapons or throwing items.
You cannot wear armour.
You gain extra lives every three experience levels.


Message History

Your spectral jelly hits Maggie.
Casting: Summon Small Mammal (safe; 1% risk of failure)
Confirm with . or Enter, or press ? or * to list all spells.
Okay, then.
Your hound bites Maggie.
You swap places.
Maggie hits your quokka with a +1 glaive of draining!
Your quokka dies!
Your quokka's corpse disappears in a puff of smoke!
Your spectral jelly hits Maggie but does no damage.
Your hound bites Maggie.
Maggie gestures wildly while chanting.
Maggie attempts to bespell you!
You are mesmerised by Maggie!
Casting: Summon Small Mammal (safe; 1% risk of failure)
Confirm with . or Enter, or press ? or * to list all spells.
Your hound bites Maggie but does no damage.
Your spectral jelly misses Maggie.
Your crimson imp barely misses Maggie.
Maggie misses your hound. What are your orders? t - Meow!
Orders for allies: a - Attack new target. p - Attack previous target. r - Retreat! s - Stop attacking. g - Guard the area. f - Follow me.
Anything else - Cancel.
Gang up on whom?
Press: ? - help, Dir - move target, f/p - Maggie
Aim: Maggie, wielding a +1 glaive of draining and wearing +0 acid dragon scales (moderately wounded, mesmerising, ally target) Attack!
Your spectral jelly hits Maggie but does no damage.
Your hound barely misses Maggie.
Your crimson imp barely misses Maggie.
You cannot move away from Maggie!
You cannot move away from Maggie!
As you read the scroll of teleportation, it crumbles to dust.
You feel strangely unstable.
Your hound completely misses Maggie.
Maggie points at you and mumbles some strange words.
The bolt of fire hits you!!
Ouch! That really hurt!
You die...
Your body rises from the dead as a mindless zombie.

.........###.........#
#.......## #......(..#
##.....## #...ZZ....#
##...## ####..5####
##'## #ZZ.# #.# #.@h#
####.### ##.##
.......# #.# .##....#
#@# .#.....# ######r#
......<# #......#
.##..#.####.######
.##.........#
.###.#.###### .......#
####.### #.#


You could see Maggie (mesmerising, ally target), a friendly spectral jelly, a
friendly hound (summoned), a friendly crimson imp (summoned), a friendly gnoll
zombie, 2 friendly orc zombies and a friendly quokka (summoned).

Vanquished Creatures
  A necrophage (D:7)
  A jelly (D:7)
  An orc wizard (D:7)
  2 gnolls (D:6)
  An ufetubus (D:7)
  2 dart slugs
  3 orcs (D:7)
  A ball python (D:1)
  An endoplasm (D:1)
  A goblin (D:4)
  A jackal (D:5)
  2 frilled lizards
  A rat (D:1)
18 creatures vanquished.

Vanquished Creatures (collateral kills)
  Eustachio (D:5)
  An ice beast (D:7)
  A black bear (D:7)
  2 ogres
  A centaur (D:6)
  A bullfrog (D:6)
  A scorpion (D:7)
  A hound (D:5)
  2 jellies
  2 gnoll shamans
  An orc priest (D:7)
  A centaur skeleton (D:5)
  4 iguanas
  3 orc wizards
  8 gnolls
  10 adders
  A shadow imp (D:6)
  2 worms (D:2)
  2 dart slugs
  22 orcs
  2 bats (D:1)
  8 endoplasms
  4 goblins
  4 hobgoblins
  2 jackals (D:5)
  5 kobolds
  A quokka (D:1)
  5 ball pythons
  A frilled lizard (D:2)
  5 rats
104 creatures vanquished.

Vanquished Creatures (others)
  A black bear zombie (D:7)
  An ogre zombie (D:6)
  A spectral jelly (D:6)
  2 gnoll zombies (D:7)
  2 orc zombies (D:7)
  A spectral ufetubus (D:7)
8 creatures vanquished.

Grand Total: 130 creatures vanquished

Notes
Turn   | Place    | Note
-------+----------+-------------------------------------------
     0 | D:1      | Woods the Felid Summoner began the quest for the Orb.
     0 | D:1      | Reached XP level 1. HP: 7/7 MP: 4/4
   339 | D:1      | Reached skill level 3 in Dodging
   447 | D:1      | Reached XP level 2. HP: 11/11 MP: 4/6
   515 | D:1      | Learned a level 2 spell: Call Imp
  1558 | D:2      | Reached XP level 3. HP: 14/14 MP: 3/7
  1601 | D:2      | Found a radiant altar of Vehumet.
  2004 | D:2      | Found Yckul's Magic Scroll Shoppe.
  2014 | D:2      | Bought a scroll of teleportation for 30 gold pieces
  2071 | D:2      | Found a faded altar of an unknown god.
  2885 | D:3      | Learned a level 3 spell: Call Canine Familiar
  3353 | D:3      | Reached skill level 4 in Dodging
  3353 | D:3      | Reached XP level 4. HP: 18/18 MP: 3/9
  3928 | D:3      | Reached XP level 5. HP: 15/21 MP: 2/10
  4188 | D:3      | Found an ancient bone altar of Kikubaaqudgha.
  4446 | D:3      | Found Fusadui's Distillery.
  4450 | D:3      | Bought a potion of curing for 30 gold pieces
  4838 | D:4      | Reached skill level 5 in Summonings
  4861 | D:4      | Reached skill level 5 in Dodging
  5188 | D:4      | Found a shimmering blue altar of Sif Muna.
  5406 | D:4      | Noticed a centaur
  6227 | D:4      | Noticed Grinder
  6567 | D:4      | Learned a level 3 spell: Summon Guardian Golem
  6593 | D:4      | Found a hide-covered altar of Uskayaw.
  6629 | D:5      | Entered Level 5 of the Dungeon
  6707 | D:5      | Gained mutation: You are covered in thick fur. (AC +2)
                  | [Felid growth]
  6707 | D:5      | Reached XP level 6. HP: 24/24 MP: 9/12
  6813 | D:5      | Found a sparkling altar of Nemelex Xobeh.
  6986 | D:5      | Found a broken altar of Ashenzari.
  7433 | D:5      | Found a shimmering altar of Xom.
  7524 | D:5      | Reached XP level 7. HP: 23/27 MP: 6/15
  7544 | D:5      | Noticed Eustachio
  7634 | D:5      | Killed Eustachio
  7635 | D:5      | Reached skill level 5 in Spellcasting
  7635 | D:5      | Reached skill level 1 in Fighting
  7635 | D:5      | Reached skill level 1 in Unarmed Combat
  7818 | D:5      | Found a hazy altar of Hepliaklqana.
  8077 | D:6      | Shot with an arrow by a centaur
  8078 | D:6      | Reached XP level 6. HP: -3/25 MP: 12/14
  8212 | D:6      | Shot with an arrow by a centaur
  8213 | D:6      | Reached XP level 5. HP: -6/22 MP: 9/13
  8213 | D:6      | Found a staircase to the Ecumenical Temple.
  8219 | Temple   | Entered the Ecumenical Temple
  8299 | Temple   | Became a worshipper of Yredelemnul the Dark
  8530 | D:6      | Reached XP level 6. HP: 22/26 MP: 1/14
  8650 | D:6      | Reached * piety under Yredelemnul
  8709 | D:6      | Reached skill level 6 in Dodging
  8752 | D:6      | Reached ** piety under Yredelemnul
  8789 | D:6      | Found a blossoming altar of Fedhas.
  9484 | D:7      | Reached XP level 7. HP: 30/30 MP: 10/15
  9533 | D:7      | Noticed Maggie
  9987 | D:7      | Reached skill level 7 in Dodging
 10074 | D:7      | Found a sacrificial altar of Ru.
 10291 | D:7      | Noticed a vampire
 10455 | D:7      | Reached XP level 8. HP: 20/36 MP: 2/16
 10627 | D:7      | Killed from afar by Maggie

Illustrated notes

Levels and vault maps discovered:
D:1:      ncdulo_wetmaze, layout_loops_cross
D:2:      layout_loops_ring, basic_altar, hellmonk_ecumenical_altar_blasted,
          serial_shops, nicolae_shop_hallway_plus
D:3:      layout_loops_corners, kiku_gazebo_pond_becter, serial_shops, shop
D:4:      nicolae_cairo_tiling, layout_basic, led_sif_book,
          amcnicky_altar_gilded, kennysheep_generic_room_7, uniq_grinder
D:5:      layout_loops_ring, nemelex_dance_club_becter,
          nicolae_overflow_crystal_walls, mainiacjoe_overflow_boulevard,
          lemuel_coloured_pillars_altar, uniq_eustachio
D:6:      layout_rooms, marbit_many_paths, minmay_temple_entry_statues_pillars,
          hangedman_decor_lopped
D:7:      layout_loops_corners, mainiacjoe_overflow_small_starburst, uniq_maggie
Temple:   jpeg_temple_clearing

Skill      XL: |  1  2  3  4  5  6  7 |
---------------+----------------------+-----
Dodging        | 3 4 5 6 7 |  7.6
Spellcasting   | 3 4 5 |  5.0
Summonings     | 5 6 |  6.0
Fighting       | 2 4 |  4.1
Unarmed Combat | 2 4 |  4.2
Stealth        | |  2.7

Action                   |  1- 3 |  4- 6 |  7- 9 || total
-------------------------+-------+-------+-------++-------
Melee: Unarmed           |    30 |    43 |    47 ||   120
       Bite              |     6 |     2 |     6 ||    14
       Punch             |     1 |     1 |     2 ||     4
 Cast: Summon Small Mamm |    37 |    58 |    26 ||   121
       Call Imp          |    19 |    31 |    12 ||    62
       Call Canine Famil |     2 |    36 |    16 ||    54
       Summon Guardian G |       |       |     1 ||     1
Invok: Recall Undead Har |       |     4 |     4 ||     8
  Use: Scroll            |       |     2 |     1 ||     3
       Potion            |       |     1 |     1 ||     2
 Stab: Sleeping          |       |       |     1 ||     1
Armor: Skin              |     2 |    10 |     8 ||    20
Dodge: Dodged            |    40 |   136 |    61 ||   237
Block: Other             |       |     2 |    14 ||    16
